 Dungeon Crawl Stone Soup version 0.18.1-6-gd335043 (webtiles) character file.

19125 Ijustatesigmund the Timeless (level 12, -5/79 HPs)
             Began as a Gargoyle Fighter on May 19, 2016.
             Was a High Priest of Cheibriados.
             Killed from afar by an ice dragon (37 damage)
             ... with a blast of cold
             ... on level 13 of the Dungeon.
             The game lasted 00:41:34 (13466 turns).

Ijustatesigmund the Timeless (Gargoyle Fighter)    Turns: 13466, Time: 00:41:37

Health: -5/79      AC: 24    Str: 35    XL:     12   Next: 65%
Magic:  21/21      EV:  9    Int: 21    God:    Cheibriados [*****.]
Gold:   262        SH: 13    Dex: 26    Spells: 0 memorised, 11 levels left

rFire  . . .     SeeInvis +     Q - +1 flail (crush)
rCold  . . .     Gourm    .     F - +2 chain mail {MR+}
rNeg   + . .     Faith    .     z - +0 shield of Generosity {+Blink Slay+2 Stlth+}
rPois  ∞         Spirit   .     (no helmet)
rElec  +         Dismiss  .     (no cloak)
rCorr  .         Reflect  .     (no gloves)
SustAt .         Harm     .     (no boots)
MR     +....                    C - amulet of magic regeneration
Stlth  ..........               B - +4 ring of protection
                                t - ring of see invisible

@: very slow, somewhat resistant to hostile enchantments, extremely unstealthy
A: negative energy resistance 1, electricity resistance, unbreathing,
petrification resistance, rot immunity, AC +8
a: Bend Time, Temporal Distortion, Slouch, Step From Time, Renounce Religion,
Evoke Blink


You were on level 13 of the Dungeon.
You worshipped Cheibriados.
Cheibriados was extremely pleased with you.
You were not hungry.

You visited 2 branches of the dungeon, and saw 14 of its levels.

You collected 700 gold pieces.
You spent 438 gold pieces at shops.

Inventory:

Hand Weapons
 a - a +2 flail
 H - a +0 morningstar
 Q - a +1 flail of crushing (weapon)
Missiles
 q - a javelin of penetration (quivered)
Armour
 r - a troll hide
 z - the +0 shield of Generosity (worn) {+Blink Slay+2 Stlth+}
   (You found it on level 6 of the Dungeon)

   It affects your accuracy and damage with ranged weapons and melee attacks
   (+2).
   It lets you blink.
   It makes you more stealthy.
 F - a +2 chain mail of magic resistance (worn)
 I - the +1 leather armour "Huycvaexa" {rF+ Int+6}
   (You bought it in a shop on level 9 of the Dungeon)

   It affects your intelligence (+6).
   It protects you from fire.
Jewellery
 t - a ring of see invisible (left hand)
 v - an uncursed amulet of faith
 B - a +4 ring of protection (right hand)
 C - an amulet of magic regeneration (around neck)
Wands
 l - a wand of polymorph (4/24)
 E - a wand of iceblast (4/15)
 G - a wand of polymorph (6/24)
 J - a wand of polymorph (17/24)
 K - a wand of disintegration (10/24)
 N - a wand of polymorph (18/24)
 R - a wand of digging (10/24)
Scrolls
 g - 5 scrolls of amnesia
 j - 5 scrolls of remove curse
 p - a scroll of blinking
 u - 2 scrolls of magic mapping
 D - 3 scrolls of immolation
 M - a scroll of teleportation
 O - 2 scrolls of identify
 P - a scroll of fog {unknown}
Potions
 b - a potion of cancellation
 c - a potion of berserk rage
 d - a potion of might
 e - a potion of curing
 h - 5 potions of lignification
 i - a potion of agility
 m - 3 potions of invisibility
 n - 3 potions of brilliance
 s - a potion of cure mutation
 w - 2 potions of flight
 x - 2 potions of ambrosia {unknown}
Books
 k - a book of Cantrips

   Spells                             Type                      Level
   a - Corona                         Hexes                        1
   b - Animate Skeleton               Necromancy                   1
   c - Summon Small Mammal            Summoning                    1
   d - Apportation                    Translocation                1
 y - a book of Flames

   Spells                             Type                      Level
   a - Flame Tongue                   Conjuration/Fire             1
   b - Throw Flame                    Conjuration/Fire             2
   c - Conjure Flame                  Conjuration/Fire             3
   d - Inner Flame                    Hexes/Fire                   3
   e - Sticky Flame                   Conjuration/Fire             4
   f - Fireball                       Conjuration/Fire             5
Comestibles
 f - 5 bread rations
 o - 7 meat rations
 A - 7 fruits
 L - 7 royal jellies


   Skills:
 + Level 10.8 Fighting
 - Level 9.9 Maces & Flails
 - Level 3.6 Throwing
 + Level 5.9 Armour
 - Level 2.0 Dodging
 + Level 5.8 Shields
 - Level 12.0 Invocations
 - Level 6.5 Evocations


You had 11 spell levels left.
You didn't know any spells.

Dungeon Overview and Level Annotations

Branches:
Dungeon (13/15)            Temple (1/1) D:5            Lair (0/8) D:9
    Orc (0/2) D:12
 Vaults: D:13-14

Altars:
Ashenzari
Cheibriados
Dithmenos
Elyvilon
Fedhas
Gozag
Kikubaaqudgha
Makhleb
Nemelex Xobeh
Okawaru
Pakellas
Qazlal
Ru
Sif Muna
Trog
Vehumet
Xom
Yredelemnul
Zin
The Shining One

Shops:
D:6 %*}*   D:9 [*=(

Annotations:
D:5 Prince Ribbit


Innate Abilities, Weirdness & Mutations

You are resistant to torment.
Your stone body is resilient (AC +8).
You are immune to poison.
You resist negative energy.
You are resistant to electric shocks.
You can survive without breathing.
You are immune to petrification.
You are immune to rotting.


Message History

The ice dragon bites you but does no damage.
The ice dragon closely misses you.
The ice dragon tramples you but does no damage.
You hit the ice dragon but do no damage.
The ice dragon is moderately wounded.
You block the killer bee's attack. x2; The ice dragon barely misses you.
The ice dragon claws you but does no damage.
You block the ice dragon's attack. The killer bee misses you.
You bludgeon the ice dragon!!
The ice dragon is heavily wounded.
You block the killer bee's attack.
The killer bee stings you but does no damage. x2
You block the ice dragon's attack. x3; The killer bee barely misses you.
You barely miss the ice dragon.
The ice dragon is heavily wounded.
The killer bee stings you but does no damage.
The killer bee stings you. You block the killer bee's attack.
The ice dragon breathes frost at you. The blast of cold hits you!
You die...

#..##.......W.....#.........
#...'..(...yD.§.†.#.........
#...#.......y†....#....##... #
'..##...########'###...##... #.
#..##y..######...########...
..####..y.....#..#.....#....#....
.............$#..W.....#....#....
.........#'####yD#.....#....#####
.........#. #y@#.....#....#
.#!#.........##..########...# #
##........##.)###...##...#
.........##.............#
##....?#####.............#####
......# #...................
.....## #.........##...##...
......# #.........##...##...
#######...##.......[


You could see an ice dragon, a shadow and 2 killer bees.

Vanquished Creatures
  A hydra (D:12)
  An ogre mage (D:13)
  3 unseen horrors
  4 hill giants
  Pikel (D:7)
  2 ugly things (D:12)
  A deep elf mage (D:12)
  2 manticores
  2 gargoyles
  An efreet (D:13)
  The ghost of nubinia the Shield-Bearer, a novice GrFi of Elyvilon (D:4)
  2 kobold demonologists (D:12)
  2 trolls
  A queen bee (D:12)
  2 two-headed ogres (D:13)
  A wraith (D:12)
  A wyvern (D:13)
  3 yaks (D:9)
  3 hippogriffs
  2 mottled dragons
  5 wargs
  A water moccasin (D:7)
  Duvessa (D:4)
  A necrophage (D:12)
  6 orc warriors
  2 slaves (D:7)
  7 ogres
  A sky beast (D:13)
  3 ice beasts
  4 phantoms
  A wasp (D:8)
  6 centaurs
  2 big kobolds (D:12)
  6 giant frogs
  A water moccasin zombie (D:7)
  Dowan (D:4)
  3 scorpions
  19 killer bees
  4 wights (D:12)
  A howler monkey (D:9)
  5 jellies
  2 crimson imps
  3 centaur zombies
  A giant frog zombie (D:10)
  8 hounds
  A wasp zombie (D:12)
  3 centaur skeletons
  A giant frog skeleton (D:11)
  8 orc priests
  7 orc wizards
  2 iguanas
  10 worker ants
  A killer bee zombie (D:11)
  A hound zombie (D:5)
  A hound skeleton (D:11)
  2 worker ant zombies (D:10)
  11 gnolls
  14 adders
  2 shadow imps
  An ooze (D:4)
  2 adder skeletons
  A worm (D:2)
  11 dart slugs
  5 giant geckos
  39 orcs
  7 ball pythons
  7 bats
  5 giant cockroaches
  5 goblins
  5 hobgoblins
  9 jackals
  6 quokkas
  A giant gecko skeleton (D:6)
  7 giant newts
  10 kobolds
  7 rats
322 creatures vanquished.

Vanquished Creatures (others)
  An ice dragon (D:12)
  A giant gecko (D:7)
  An orc (D:4)
3 creatures vanquished.

Grand Total: 325 creatures vanquished

Notes
Turn   | Place    | Note
--------------------------------------------------------------
     0 | D:1      | Ijustatesigmund the Gargoyle Fighter began the quest for the Orb.
     0 | D:1      | Reached XP level 1. HP: 14/14 MP: 1/1
    55 | D:1      | Found a sparkling altar of Nemelex Xobeh.
   236 | D:1      | Reached XP level 2. HP: 16/19 MP: 2/2
   959 | D:2      | Reached XP level 3. HP: 23/23 MP: 3/3
  1312 | D:2      | Reached XP level 4. HP: 27/28 MP: 4/4
  1875 | D:3      | Found a glowing golden altar of the Shining One.
  1934 | D:3      | Noticed a phantom
  1966 | D:3      | Killed a phantom
  1966 | D:3      | Reached XP level 5. HP: 26/33 MP: 5/5
  2299 | D:5      | Entered Level 5 of the Dungeon
  2300 | D:5      | Noticed Prince Ribbit
  2441 | D:5      | Reached XP level 6. HP: 29/38 MP: 6/6
  2764 | D:4      | Noticed nubinia's ghost (novice GrFi)
  2773 | D:4      | Killed nubinia's ghost
  2773 | D:4      | Reached skill level 5 in Maces & Flails
  2773 | D:4      | Reached skill level 5 in Armour
  2773 | D:4      | Reached XP level 7. HP: 21/44 MP: 7/7
  3039 | D:4      | Reached skill level 5 in Fighting
  3039 | D:4      | Reached skill level 5 in Shields
  3119 | D:4      | Noticed Duvessa
  3134 | D:4      | Noticed Dowan
  3144 | D:4      | Killed Duvessa
  3855 | D:4      | Killed Dowan
  3855 | D:4      | Reached XP level 8. HP: 51/51 MP: 8/8
  4366 | D:5      | Reached skill level 1 in Dodging
  4542 | D:5      | Found a staircase to the Ecumenical Temple.
  4548 | Temple   | Entered the Ecumenical Temple
  5088 | D:6      | Found Ingioc's Food Emporium.
  5113 | D:6      | Found an opulent altar of Gozag.
  5378 | D:6      | Found Gacoe's Assorted Antiques.
  5387 | D:6      | Bought an ivory ring for 135 gold pieces
  5387 | D:6      | Bought a dented blue amulet for 135 gold pieces
  5510 | D:6      | Got a pitted shield
  5521 | D:6      | Identified the cursed +0 shield of Generosity {+Blink Slay+2 Stlth+} (You found it on level 6 of the Dungeon)
  5560 | D:6      | Found a snail-covered altar of Cheibriados.
  5564 | D:6      | Became a worshipper of Cheibriados the Contemplative
  5570 | D:6      | Found a basalt altar of Yredelemnul.
  5573 | D:6      | Found a white marble altar of Elyvilon.
  5597 | D:6      | Reached skill level 1 in Invocations
  5667 | D:6      | Reached skill level 1 in Evocations
  5667 | D:6      | Reached XP level 9. HP: 50/57 MP: 8/10
  5746 | D:6      | Found Iqolih's Assorted Antiques.
  5756 | D:6      | Found Qeawiu's Gadget Shoppe.
  5773 | D:6      | Found a glowing golden altar of the Shining One.
  5773 | D:6      | Found a shimmering altar of Xom.
  5862 | D:6      | Reached skill level 2 in Invocations
  5930 | D:7      | Found a shadowy altar of Dithmenos.
  5995 | D:7      | Noticed Pikel
  6019 | D:7      | Killed Pikel
  6019 | D:7      | Reached skill level 4 in Invocations
  6435 | D:7      | Reached skill level 5 in Invocations
  6723 | D:7      | Reached * piety under Cheibriados
  7395 | D:8      | Reached skill level 6 in Invocations
  7397 | D:8      | Reached skill level 5 in Evocations
  7777 | D:9      | Found Viwk's Antique Weapon Shoppe.
  7794 | D:9      | Found a staircase to the Lair.
  7798 | D:9      | Noticed a troll
  7830 | D:9      | Reached XP level 10. HP: 61/63 MP: 13/15
  7862 | D:9      | Reached ** piety under Cheibriados
  7872 | D:9      | Noticed a hill giant
  7874 | D:9      | Reached skill level 7 in Invocations
  7883 | D:9      | Killed a hill giant
  8306 | D:9      | Found Mearoni's Jewellery Shoppe.
  8588 | D:9      | Found Pusikle's Antique Armour Shop.
  8600 | D:9      | Bought a transparent leather armour for 168 gold pieces
  8610 | D:9      | Identified the +1 leather armour "Huycvaexa" {rF+ Int+6} (You bought it in a shop on level 9 of the Dungeon)
  8792 | D:9      | Found Qeowesk's Assorted Antiques.
  9010 | D:10     | Entered Level 10 of the Dungeon
  9055 | D:10     | Reached *** piety under Cheibriados
  9092 | D:10     | Noticed an unseen horror
  9123 | D:10     | Killed an unseen horror
  9181 | D:10     | Noticed a gargoyle
  9192 | D:10     | Killed a gargoyle
  9401 | D:10     | Reached XP level 11. HP: 41/71 MP: 16/16
  9757 | D:10     | Noticed a hill giant
  9765 | D:10     | Killed a hill giant
  9841 | D:11     | Reached **** piety under Cheibriados
  9905 | D:11     | Noticed a manticore
  9916 | D:11     | Killed a manticore
  9916 | D:11     | Reached skill level 1 in Throwing
 10850 | D:12     | Noticed a four-headed hydra
 10861 | D:12     | Noticed a manticore
 10864 | D:12     | Killed a four-headed hydra
 10864 | D:12     | Reached skill level 10 in Fighting
 10874 | D:12     | Killed a manticore
 11153 | D:12     | Noticed a hill giant
 11168 | D:12     | Killed a hill giant
 11372 | D:12     | Noticed a sixfirhy
 11525 | D:12     | Reached skill level 8 in Invocations
 11539 | D:12     | Reached ***** piety under Cheibriados
 11718 | D:12     | Noticed a deep elf mage
 11726 | D:12     | Killed a deep elf mage
 11726 | D:12     | Reached skill level 9 in Invocations
 11825 | D:12     | Found an oddly glowing altar of Pakellas.
 11826 | D:12     | Noticed an ice dragon
 11840 | D:12     | Killed an ice dragon
 11862 | D:12     | Reached XP level 12. HP: 78/78 MP: 19/19
 11913 | D:12     | Reached skill level 10 in Invocations
 12007 | D:12     | Found a staircase to the Orcish Mines.
 12459 | D:12     | Reached skill level 11 in Invocations
 12604 | D:13     | Reached skill level 12 in Invocations
 12865 | D:13     | Noticed an ogre mage
 12877 | D:13     | Killed an ogre mage
 13137 | D:13     | Noticed an ice dragon
 13466 | D:13     | Killed from afar by an ice dragon

Skill      XL: |  1  2  3  4  5  6  7  8  9 10 11 12 |
---------------+-------------------------------------+-----
Maces & Flails | 3 4 5 7 8 9 |  9.9
Fighting       | 4 5 7 9 10 | 10.8
Shields        | 4 5 |  5.8
Armour         | 4 5 |  5.9
Dodging        | 2 |  2.0
Invocations    | 1 6 7 9 12 | 12.0
Evocations     | 1 5 6 |  6.5
Throwing       | 3 |  3.6

Action                   |  1- 3 |  4- 6 |  7- 9 | 10-12 || total
-------------------------+-------+-------+-------+-------++-------
Melee: Flail             |   137 |   172 |   406 |   643 ||  1358
       Unarmed           |       |       |     9 |     2 ||    11
Throw: Javelin           |       |       |    20 |    15 ||    35
Invok: Slouch            |       |       |       |     4 ||     4
  Use: Scroll            |     4 |     6 |    13 |     6 ||    29
       Potion            |       |     2 |     3 |     1 ||     6
 Stab: Distracted        |       |     1 |       |       ||     1
       Invisible         |       |       |     3 |       ||     3
  Eat: Chunk             |     1 |     4 |     7 |     8 ||    20
       Beef jerky        |       |     1 |       |       ||     1
       Fruit             |       |       |     5 |     2 ||     7
       Bread ration      |       |       |     1 |       ||     1
Armor: Scale mail        |    77 |   103 |   170 |       ||   350
       Chain mail        |       |       |    60 |   495 ||   555
Dodge: Dodged            |    43 |    62 |   145 |   296 ||   546
Block: Shield            |    98 |   102 |   220 |   497 ||   917
